 Dungeon Crawl Stone Soup version 0.31-a0-496-g6f97920a28 (webtiles) character file.

Game seed: 157106458399038801

18 AstroCodex24 the Shield-Bearer (level 2, 0/25 HPs)
             Began as a Demigod Fighter on Aug 8, 2023.
             Slain by a gnoll
             ... wielding a +0 spear
              (3 damage)
             ... on level 2 of the Dungeon.
             The game lasted 00:02:04 (587 turns).

AstroCodex24 the Shield-Bearer (Demigod Fighter)     Turns: 587, Time: 00:02:04

Health: 0/25       AC:  6    Str: 17    XL:     2   Next: 36%
Magic:  4/4        EV:  9    Int: 10    God:
Gold:   123        SH:  4    Dex: 13    Spells: 1/1 levels left

rFire   . . .        a - +0 war axe
rCold   . . .        c - +0 buckler
rNeg    . . .        b - +0 scale mail
rPois   .            (no helmet)
rElec   .            (no cloak)
rCorr   .            (no gloves)
SInv    .            (no boots)
Will    .....        (no amulet) Stlth
                     (no ring)
HPRegen 0.24/turn    (no ring)
MPRegen 0.09/turn

%: no passive effects
@: no status effects
A: high MP 1, forlorn, divine attributes
a: no special abilities


You were on level 2 of the Dungeon.
You visited 1 branch of the dungeon, and saw 2 of its levels.

You collected 123 gold pieces.

Inventory:

Hand Weapons
 a - a +0 war axe (weapon)
Armour
 b - a +0 scale mail (worn)
 c - a +0 buckler (worn)
Scrolls
 e - 2 scrolls of identify {unknown}
 f - 3 scrolls of teleportation {unknown}
 h - a scroll of noise {unknown}
 j - a scroll of amnesia {unknown}
Potions
 d - a potion of might
 g - 2 potions of curing {unknown}
 i - a potion of lignification {unknown}


   Skills:
 + Level 2.9 Fighting
 + Level 2.0 Axes
 + Level 2.9 Armour
 + Level 3.0 Shields


You had one spell level left.
You didn't know any spells.
Your spell library was empty.

Dungeon Overview and Level Annotations

Branches:
Dungeon (2/15)


Innate Abilities, Weirdness & Mutations

You have an increased reservoir of magic. (+10% MP)
You shall have no god before yourself.
Your divine heritage dramatically boosts your attributes as you level up.


Message History

j - a scroll labelled ZASIGGU YNLER
There is an open door here.
You open the door.
There is an open door here.
Found a stone staircase leading down.
There is a stone staircase leading down here.
Found a scale mail.
You open the door.
An endoplasm comes into view.
The endoplasm quivers.
You barely miss the endoplasm. The endoplasm hits you.
You slash the endoplasm!
You kill the endoplasm!
An endoplasm comes into view.
The endoplasm quivers.
A gnoll comes into view. It is wielding a +0 halberd.
Found 18 gold pieces.
The gnoll shouts!
You hear a shout! x2
The endoplasm hits you but does no damage.
You barely miss the endoplasm. The endoplasm barely misses you.
You barely miss the endoplasm.
A gnoll comes into view. It is wielding a +0 flail.
The endoplasm freezes you.
You are frozen.
A gnoll comes into view. It is wielding a +0 spear.
The endoplasm hits you.
The gnoll moves out of view.
You hit the endoplasm.
The endoplasm is almost dead.
The endoplasm freezes you.
You are frozen.
You hit the endoplasm.
You kill the endoplasm!
The gnoll hits you from afar with a +0 halberd.
You block the gnoll's attack.
Your Axes skill increases to level 2!
You block the gnoll's attack. The gnoll hits you with a +0 halberd!
* * * LOW HITPOINT WARNING * * *
You hit the gnoll but do no damage.
The gnoll hits you from afar with a +0 spear.
You die...

##### #####.## ...#
#....... #
####.######.###... #.
#.............#... #..
#.##.............. #$..
#.#########.#.#..# #....
#........#..#.#..#
#....g########.#.##.#..#
#....gg@.......#. ..#..#
#....############ ###..#
+.. ...# # ##.# # # #


You could see 3 gnolls.

Vanquished Creatures
  A dart slug (D:1)
  2 ball pythons
  A bat (D:2)
  4 endoplasms (D:2)
  A giant cockroach (D:2)
  A goblin (D:1)
  A hobgoblin (D:2)
  A kobold (D:1)
  A frilled lizard (D:2)
  A rat (D:2)
14 creatures vanquished.

Notes
Turn   | Place    | Note
-------+----------+-------------------------------------------
     0 | D:1      | AstroCodex24 the Demigod Fighter began the quest for the
                  | Orb.
     0 | D:1      | Reached XP level 1. HP: 18/18 MP: 3/3
   267 | D:2      | Reached XP level 2. HP: 10/25 MP: 4/4
   482 | D:2      | Reached skill level 3 in Shields
   587 | D:2      | Slain by a gnoll

Illustrated notes

Levels and vault maps discovered:
D:1:      saegor_arrival_under_anarchy, layout_basic,
          hellmonk_ecumenical_altar_run_dry, minmay_gold_behind_fungi
D:2:      layout_basic, kennysheep_big_empty_room

Skill      XL: |  1  2 |
---------------+-------+-----
Shields        | 3 |  3.0
Axes           | 2 |  2.0
Fighting       | |  2.9
Armour         | |  2.9

Action                     || total
---------------------------++-------
  Melee: War axe           ||    41
 Armour: Scale mail        ||    17
  Dodge: Dodged            ||    14
  Block: Buckler           ||     4

Table legend: (Time is in decaauts)
 A = Elapsed time spent in this place.
 B = Non-inter-level travel time spent in this place.
 C = Inter-level travel time spent in this place.
 D = Time resting spent in this place.
 E = Time spent auto-exploring this place.
 F = Levels seen in this place.
 G = Mean time per level.
                   A        B        C        D        E       F      G
               +--------+--------+--------+--------+--------+-----+--------+
         Total |    604 |    579 |     25 |      0 |      0 |   2 |  302.0 |
       Dungeon |    604 |    579 |     25 |      0 |      0 |   2 |  302.0 |
               +--------+--------+--------+--------+--------+-----+--------+

Top non-repeatable levels by time:
     D:2: 394 daAuts
     D:1: 209 daAuts
